 Dungeon Crawl Stone Soup version 0.19.0-1-g5985abe (webtiles) character file.

287 lorenzova the Conjurer (level 6, -1/32 HPs)
             Began as a Deep Elf Conjurer on Nov 2, 2016.
             Slain by Chiseanne's ghost (4 damage)
             ... on level 4 of the Dungeon.
             The game lasted 00:06:24 (4928 turns).

lorenzova the Conjurer (Deep Elf Conjurer)          Turns: 4928, Time: 00:06:25

Health: -1/32      AC:  3    Str:  5    XL:     6   Next: 8%
Magic:  0/17       EV: 13    Int: 27    God:
Gold:   156        SH:  0    Dex: 15    Spells: 3 memorised, 7 levels left

rFire  + . .     SeeInvis .     e - +2 short sword (holy)
rCold  . . .     Gourm    .     a - +0 robe
rNeg   . . .     Faith    .     (no shield)
rPois  .         Spirit   +     l - +0 helmet
rElec  .         Reflect  .     (no cloak)
rCorr  .         Harm     .     (no gloves)
MR     .....                    (no boots)
Stlth  ++........               i - amulet of guardian spirit
                                (no ring)
                                s - ring of protection from fire

@: brilliant
A: no striking features
a: no special abilities


You were on level 4 of the Dungeon.
You were near starving.

You visited 2 branches of the dungeon, and saw 5 of its levels.

You collected 156 gold pieces.

Inventory:

Hand Weapons
 e - a +2 short sword of holy wrath (weapon)
Armour
 a - a +0 robe (worn)
 l - a +0 helmet (worn)
Jewellery
 i - an amulet of guardian spirit (around neck)
 s - a ring of protection from fire (left hand)
Scrolls
 d - 5 scrolls of identify {unknown}
 j - 2 scrolls of random uselessness {unknown}
 m - a scroll of fear {unknown}
 o - 2 scrolls of remove curse {unknown}
 q - 2 scrolls of amnesia {unknown}
 r - 4 scrolls of teleportation {unknown}
 u - a scroll of enchant weapon {unknown}
 w - a scroll of immolation {unknown}
 x - a scroll of enchant armour {unknown}
 y - a scroll of blinking {unknown}
Potions
 f - 2 potions of brilliance
 h - 3 potions of curing {unknown}
 n - 4 potions of flight {unknown}
 p - a potion of magic {unknown}
 z - 2 potions of heal wounds {unknown}
Books
 b - a book of Conjurations

   Spells                             Type                      Level
   a - Magic Dart                     Conjuration                  1
   b - Searing Ray                    Conjuration                  2
   c - Dazzling Spray                 Conjuration/Hexes            3
   d - Fulminant Prism                Conjuration/Hexes            4
   e - Iskenderun's Mystic Blast      Conjuration                  4
   f - Iskenderun's Battlesphere      Conjuration/Charms           5
 v - a book of Necromancy

   Spells                             Type                      Level
   a - Pain                           Necromancy                   1
   b - Animate Skeleton               Necromancy                   1
   c - Vampiric Draining              Necromancy                   3
   d - Regeneration                   Charms/Necromancy            3
   e - Animate Dead                   Necromancy                   4
   f - Control Undead                 Necromancy                   4
Comestibles
 c - 3 bread rations
 g - 3 beef jerkies
 k - a meat ration
 t - a royal jelly
 A - 4 fruits


   Skills:
 - Level 2.4 Dodging
 - Level 2.4 Stealth
 + Level 6.1 Spellcasting
 + Level 6.7 Conjurations
 + Level 0.0 Charms


You had 7 spell levels left.
You knew the following spells:

 Your Spells              Type           Power        Failure   Level  Hunger
a - Magic Dart            Conj           ####         1%          1    None
b - Iskenderun's Battles  Conj/Chrm      #####...     8%          5    #####..
c - Iskenderun's Mystic   Conj           ######..     1%          4    ###....


Dungeon Overview and Level Annotations

Branches:
Dungeon (4/15)             Temple (1/1) D:4

Altars:
Ashenzari
Cheibriados
Dithmenos
Elyvilon
Fedhas
Gozag
Kikubaaqudgha
Makhleb
Nemelex Xobeh
Okawaru
Sif Muna
Trog
Uskayaw
Xom
Yredelemnul

Annotations:
D:4 Chiseanne's ghost, amateur SpMo


Message History

* * * LOW HITPOINT WARNING * * *
You miss Chiseanne's ghost.
Chiseanne's ghost is almost destroyed.
Chiseanne's ghost barely misses you.
You closely miss Chiseanne's ghost.
Chiseanne's ghost is almost destroyed.
Chiseanne's ghost closely misses you. Chiseanne's ghost hits you.
* * * LOW HITPOINT WARNING * * *
Chiseanne's ghost completely misses you.
Chiseanne's ghost hits you.
* * * LOW HITPOINT WARNING * * *
Chiseanne's ghost hits you.
* * * LOW HITPOINT WARNING * * *
Chiseanne's ghost completely misses you.
Okay, then.
It was a potion of brilliance.
You feel clever all of a sudden. Chiseanne's ghost hits you.
You die...

........###....###.#
........'..........#
#...########...#####
§§§.§## ##..#
§§§.§§## ##.##
§§§.§..### #...##
§§.......# #....#
.._...§§§# #....#
§.....§§§#######@#
§.§§§§§#§..# #W#
§W.§§.####># #.#
....§# #)# #.#
#...#### #.# #.# ...
#.###.#####.#
.#.###.......<...#
...........#######
############


You could see Chiseanne's ghost.

Vanquished Creatures
  A crimson imp (D:3)
  A bullfrog skeleton (D:4)
  A worker ant (D:4)
  Robin (D:2)
  A gnoll (D:1)
  9 adders
  An ooze (D:2)
  3 worms
  A dart slug (D:1)
  2 leopard geckos (D:2)
  10 orcs
  2 ball pythons (D:1)
  4 giant cockroaches
  12 goblins
  8 hobgoblins
  3 jackals (D:3)
  A quokka (D:2)
  6 bats
  5 frilled lizards
  4 kobolds
  5 rats
81 creatures vanquished.

Notes
Turn   | Place    | Note
-------+----------+-------------------------------------------
     0 | D:1      | lorenzova the Deep Elf Conjurer began the quest for the Orb.
     0 | D:1      | Reached XP level 1. HP: 10/10 MP: 6/6
   337 | D:1      | Reached XP level 2. HP: 4/15 MP: 1/8
  1390 | D:2      | Reached skill level 5 in Conjurations
  1390 | D:2      | Reached XP level 3. HP: 19/19 MP: 6/10
  2162 | D:2      | Reached XP level 4. HP: 24/24 MP: 9/12
  2168 | D:2      | Learned a level 4 spell: Iskenderun's Mystic Blast
  2185 | D:2      | Noticed Robin
  2190 | D:2      | Killed Robin
  2868 | D:3      | Reached skill level 5 in Spellcasting
  3440 | D:3      | Found a shimmering altar of Xom.
  3441 | D:3      | Found a burning altar of Makhleb.
  3448 | D:3      | Reached XP level 5. HP: 28/28 MP: 7/14
  4125 | D:4      | Found a shadowy altar of Dithmenos.
  4159 | D:4      | Noticed Chiseanne's ghost (amateur SpMo)
  4421 | D:4      | Reached XP level 6. HP: 23/32 MP: 4/17
  4428 | D:4      | Learned a level 5 spell: Iskenderun's Battlesphere
  4544 | D:4      | Found a staircase to the Ecumenical Temple.
  4577 | Temple   | Entered the Ecumenical Temple
  4928 | D:4      | Slain by Chiseanne's ghost

Skill      XL: |  1  2  3  4  5 |
---------------+----------------+-----
Spellcasting   | 4 5 6 |  6.1
Conjurations   | 5 6 |  6.7
Dodging        | |  2.4
Stealth        | |  2.4

Action                   |  1- 3 |  4- 6 || total
-------------------------+-------+-------++-------
Melee: Short sword       |     2 |    33 ||    35
 Cast: Magic Dart        |    59 |   132 ||   191
       Iskenderun's Myst |       |     6 ||     6
  Use: Potion            |       |     1 ||     1
  Eat: Chunk             |     2 |     7 ||     9
       Royal jelly       |     1 |       ||     1
Armor: Robe              |       |     8 ||     8
Dodge: Dodged            |     8 |    44 ||    52
